 Dungeon Crawl Stone Soup version 0.23.2-40-g277498a001 (webtiles) character file.

Game seed: 16199455670300253437

276 Descartes the Gusty (level 6, 0/34 HPs)
             Began as a Tengu Air Elementalist on Aug 30, 2019.
             Slain by a river rat (1 damage)
             ... on level 4 of the Dungeon.
             The game lasted 00:11:22 (4938 turns).

Descartes the Gusty (Tengu Air Elementalist)        Turns: 4938, Time: 00:11:22

Health: 0/34       AC:  4    Str:  9    XL:     6   Next: 25%
Magic:  11/11      EV: 13    Int: 17    God:
Gold:   110        SH:  0    Dex: 14    Spells: 5/11 levels left

rFire    . . .     SeeInvis .   g - +0 spear
rCold    . . .     Gourm    .   (no shield)
rNeg     . . .     Faith    .   a - +0 robe
rPois    .         Spirit   .   (helmet restricted)
rElec    .         Reflect  .   h - +0 cloak
rCorr    .         Harm     .   o - +0 pair of gloves
MR       .....                  (boots unavailable)
Stlth    +.........             (no amulet)
HPRegen  0.11/turn              (no ring)
MPRegen  0.12/turn              (no ring)

@: very slow
A: beak, talons 3, able to fly
a: Fly


You were on level 4 of the Dungeon.
You were not hungry.

You visited 1 branch of the dungeon, and saw 4 of its levels.

You collected 110 gold pieces.

Inventory:

Hand Weapons
 g - a +0 spear (weapon)
 s - a +0 morningstar
Missiles
 d - 79 stones
 e - 18 arrows
 i - 38 sling bullets
 m - 8 tomahawks of returning (quivered)
 p - 28 poisoned needles
 u - 2 tomahawks
Armour
 a - a +0 robe (worn)
 h - a +0 cloak (worn)
 o - a +0 pair of gloves (worn)
Scrolls
 f - a scroll of blinking {unknown}
 j - a scroll of immolation {unknown}
 n - 6 scrolls of identify {unknown}
 q - 2 scrolls of remove curse {unknown}
 r - a scroll of magic mapping {unknown}
 v - a scroll of teleportation {unknown}
Potions
 b - 3 potions of curing {unknown}
 k - a potion of brilliance {unknown}
 l - a potion of lignification {unknown}
Comestibles
 c - 4 rations


   Skills:
 + Level 1.4 Fighting
 + Level 1.7 Armour
 + Level 3.0 Dodging
 + Level 2.8 Stealth
 * Level 3.0 Spellcasting
 * Level 3.6 Conjurations
 + Level 0.4 Charms
 * Level 5.3 Air Magic


You had 5 spell levels left.
You knew the following spells:

 Your Spells              Type           Power        Failure   Level  Hunger
a - Shock                 Conj/Air       ###.         2%          1    None
b - Swiftness             Chrm/Air       ##......     8%          2    ##.....
c - Static Discharge      Conj/Air       ###.....     9%          3    ###....

Your spell library contained the following spells:

 Spells                   Type           Power        Failure   Level  Hunger
 Airstrike                Air            ###.......   19%         4    ####...
 Lightning Bolt           Conj/Air       ###.......   58%         5    ######.


Dungeon Overview and Level Annotations

Branches:
Dungeon (4/15)
 Temple: D:4-7

Altars:
Makhleb
Wu Jian


Innate Abilities, Weirdness & Mutations

You have a beak for a mouth.
You have claws for feet.
You can fly continuously.


Message History

Aim: a river rat The zap hits the river rat but does no damage.
The river rat bites you.
Your unstable footing causes you to fumble your attack.
The river rat bites you but does no damage.
You closely miss the river rat. The river rat barely misses you.
You closely miss the river rat. You claw the river rat.
The river rat is lightly wounded.
The river rat barely misses you.
You hit the river rat.
The river rat is lightly wounded.
The river rat bites you!
* * * LOW HITPOINT WARNING * * *
You hit the river rat. Your peck misses the river rat.
The river rat is heavily wounded.
The river rat bites you!
* * * LOW HITPOINT WARNING * * *
Your unstable footing causes you to fumble your attack.
The river rat bites you.
You die...

#.............# #
.....≈.......# ######
...≈≈≈≈≈.≈...###.....
####≈#≈#≈≈.†........
#≈≈≈≈≈≈≈≈≈..........
#≈########...†......
#≈≈≈≈≈≈# #..........
####≈#≈# #.##.......
#≈r@≈# # #.####.....
#≈##†# #.# ##.... #
#≈≈# #. #.### #≈##
#.## #≈## ... #≈≈#
... #### ... .


You could see a river rat.

Vanquished Creatures
  A howler monkey (D:4)
  A centaur skeleton (D:4)
  2 worker ants (D:4)
  5 adders
  A gnoll (D:1)
  A river rat (D:4)
  An ooze (D:3)
  A worm (D:4)
  A dart slug (D:2)
  3 leopard geckos
  4 orcs (D:3)
  2 ball pythons (D:3)
  6 bats
  6 giant cockroaches
  8 goblins
  11 hobgoblins
  8 jackals (D:2)
  3 quokkas (D:2)
  3 frilled lizards
  7 kobolds
  8 rats
83 creatures vanquished.

Notes
Turn   | Place    | Note
-------+----------+-------------------------------------------
     0 | D:1      | Descartes the Tengu Air Elementalist began the quest for
                  | the Orb.
     0 | D:1      | Reached XP level 1. HP: 10/10 MP: 4/4
   446 | D:1      | Reached XP level 2. HP: 15/15 MP: 4/6
   882 | D:1      | Reached XP level 3. HP: 20/20 MP: 4/7
  1973 | D:2      | Found a burning altar of Makhleb.
  1983 | D:2      | Reached skill level 1 in Armour
  1983 | D:2      | Reached XP level 4. HP: 17/24 MP: 3/8
  3135 | D:2      | Reached skill level 1 in Fighting
  3428 | D:3      | Learned a level 2 spell: Swiftness
  3432 | D:3      | Learned a level 3 spell: Static Discharge
  3460 | D:3      | Gained mutation: You can fly continuously. [Tengu growth]
  3460 | D:3      | Reached XP level 5. HP: 29/29 MP: 5/9
  4285 | D:4      | Reached skill level 5 in Air Magic
  4426 | D:4      | Reached XP level 6. HP: 23/34 MP: 2/11
  4625 | D:4      | Found an ornate altar of the Wu Jian Council.
  4937 | D:4      | HP: 1/34 [river rat (8)]
  4938 | D:4      | Slain by a river rat

Skill      XL: |  1  2  3  4  5  6 |
---------------+-------------------+-----
Conjurations   | 2 3 |  3.6
Armour         | 1 |  1.7
Fighting       | 1 |  1.4
Air Magic      | 5 |  5.3
Dodging        | 3 |  3.0
Spellcasting   | 3 |  3.0
Stealth        | |  2.8
Charms         | |  0.4

Action                   |  1- 3 |  4- 6 || total
-------------------------+-------+-------++-------
Melee: Unarmed           |    18 |       ||    18
       Kick              |     4 |     9 ||    13
       Peck              |     2 |     4 ||     6
       Spear             |       |    27 ||    27
 Cast: Shock             |    76 |   120 ||   196
  Eat: Chunk             |     2 |     9 ||    11
       Ration            |     1 |       ||     1
Armor: Robe              |     9 |    13 ||    22
Dodge: Dodged            |    21 |    32 ||    53
